 Dungeon Crawl Stone Soup version 0.24.0-13-gcf9b319 (webtiles) character file.

Game seed: 14375842352159572620, levelgen mode: deterministic

1409 Fortress the Destroyer (level 8, -1/60 HPs)
             Began as a Grey Draconian Conjurer on Jan 21, 2020.
             Hit by a boomerang thrown by an orc warrior (18 damage)
             ... on level 6 of the Dungeon.
             The game lasted 00:24:37 (5715 turns).

Fortress the Destroyer (Grey Draconian Conjurer)    Turns: 5715, Time: 00:24:38

Health: -1/60      AC: 13    Str: 16    XL:     8   Next: 42%
Magic:  2/17       EV: 12    Int: 17    God:
Gold:   276        SH:  0    Dex: 12    Spells: 12/19 levels left

rFire    . . .     SeeInvis .   p - +2 dagger (holy)
rCold    . . .     Gourm    .   (no shield)
rNeg     . . .     Faith    .   (armour unavailable)
rPois    .         Spirit   .   c - +2 hat
rElec    .         Reflect  .   (no cloak)
rCorr    .         Harm     .   (no gloves)
MR       .....                  (no boots)
Stlth    ++++......             (no amulet)
HPRegen  0.20/turn              j - ring of Shadows {Umbra +Inv Stlth+}
MPRegen  0.15/turn              g - +5 ring of strength

@: wreathed by umbra
A: walk through water, unfitting armour, unbreathing, cold-blooded, AC +11
a: Evoke Invisibility


You were on level 6 of the Dungeon.
You were hungry.

You visited 1 branch of the dungeon, and saw 6 of its levels.

You collected 276 gold pieces.

Inventory:

Hand Weapons
 i - a +0 shortbow
 p - a +2 dagger of holy wrath (weapon)
Missiles
 h - 5 silver javelins (quivered)
 k - 48 arrows
Armour
 c - a +2 hat (worn)
Jewellery
 e - an uncursed ring of flight
 g - a +5 ring of strength (right hand)
 j - the ring of Shadows (left hand) {Umbra +Inv Stlth+}
   (You found it on level 5 of the Dungeon)

   [ring of stealth]

   It lets you turn invisible.
   It makes you more stealthy.
 u - an uncursed ring of fire {unknown}
Wands
 v - a wand of scattershot (4)
Scrolls
 a - 4 scrolls of blinking
 l - a scroll of magic mapping {unknown}
 o - 2 scrolls of enchant armour
 q - 2 scrolls of teleportation
 r - a scroll of fog
 s - a scroll of enchant weapon
Potions
 d - a potion of haste
 f - a potion of lignification {unknown}
 m - a potion of degeneration {unknown}
 n - a potion of brilliance
Comestibles
 b - 8 rations


   Skills:
 + Level 1.7 Fighting
 - Level 2.0 Dodging
 - Level 1.9 Stealth
 - Level 6.1 Spellcasting
 + Level 8.9 Conjurations


You had 12 spell levels left.
You knew the following spells:

 Your Spells              Type           Power        Failure   Level  Hunger
a - Magic Dart            Conj           ####         1%          1    None
b - Searing Ray           Conj           #####.       1%          2    None
c - Iskenderun's Mystic   Conj           #####...     3%          4    ####...

Your spell library contained the following spells:

 Spells                   Type           Power        Failure   Level  Hunger
 Dazzling Spray           Conj/Hex       ###...       6%          3    ##.....
 Force Lance              Conj/Tloc      ###.....     21%         4    ####...
 Fulminant Prism          Conj/Hex       ###.......   21%         4    ####...


Dungeon Overview and Level Annotations

Branches:
Dungeon (6/15)
 Temple: D:4-7

Altars:
Ashenzari
Cheibriados
Dithmenos
Elyvilon
Fedhas
Hepliaklqana
Okawaru
Zin


Innate Abilities, Weirdness & Mutations

You can walk through water.
Your dull iron-grey scales are very hard. (AC +11)
You cannot fit into any form of body armour.
You can survive without breathing.
You are cold-blooded and may be slowed by cold attacks.


Message History

The weapon returns to the orc warrior!
The orc warrior throws a boomerang.
The boomerang barely misses you.
The weapon returns to the orc warrior!
The orc warrior throws a boomerang.
The boomerang hits you but does no damage.
The weapon returns to the orc warrior!
The orc warrior throws a boomerang.
The boomerang hits you!
* * * LOW HITPOINT WARNING * * *
The weapon returns to the orc warrior!
The orc warrior throws a boomerang.
The boomerang hits you.
* * * LOW HITPOINT WARNING * * *
The weapon returns to the orc warrior!
You feel better.
Okay, then.
The orc warrior throws a boomerang.
The boomerang barely misses you.
The weapon returns to the orc warrior!
The orc warrior throws a boomerang.
The boomerang barely misses you.
The weapon returns to the orc warrior!
The orc warrior throws a boomerang.
The boomerang hits you!!
You die...

#.........(..... .
................. #.
##.......###..... .##..
###.#..#..........
..##.###...#..##.....#...
.............####.###..#
###.##........###...##...
......#.......##.##.....#.
?..#.<...@..#.........#...
...#........##........#...
#.........................
#....##...................
#.#.....###.....###......#
..###....##.....#.......##
....#....#..........#.....
................o........)
.........#...............)


You could see an orc warrior.

Vanquished Creatures
  Sigmund (D:3)
  A water moccasin (D:4)
  A sky beast (D:6)
  2 ogres
  2 centaurs (D:3)
  A bullfrog (D:5)
  A howler monkey (D:6)
  A crimson imp (D:5)
  A jelly (D:5)
  3 bullfrog skeletons
  Ijyb (D:5)
  An iron imp (D:5)
  Natasha (thrice) (D:4)
  3 orc wizards
  3 worker ants
  2 hound skeletons (D:5)
  A gnoll (D:3)
  4 adders
  An ooze (D:5)
  An adder skeleton (D:4)
  2 worms (D:3)
  A dart slug (D:2)
  A leopard gecko (D:2)
  20 orcs
  A giant cockroach (D:3)
  9 hobgoblins
  3 jackals (D:4)
  4 ball pythons
  8 bats
  9 frilled lizards
  3 goblins
  8 kobolds
  2 quokka skeletons
  3 rats
108 creatures vanquished.

Notes
Turn   | Place    | Note
-------+----------+-------------------------------------------
     0 | D:1      | Fortress the Draconian Conjurer began the quest for the
                  | Orb.
     0 | D:1      | Reached XP level 1. HP: 14/14 MP: 3/3
   663 | D:2      | Reached XP level 2. HP: 20/20 MP: 3/5
  1551 | D:2      | Reached XP level 3. HP: 16/26 MP: 0/6
  1863 | D:3      | Noticed a centaur
  1878 | D:3      | Killed a centaur
  1878 | D:3      | Reached skill level 5 in Conjurations
  1878 | D:3      | Reached XP level 4. HP: 33/33 MP: 0/9
  1986 | D:3      | Noticed a centaur
  1996 | D:3      | Killed a centaur
  1996 | D:3      | Reached XP level 5. HP: 13/38 MP: 0/11
  2404 | D:3      | Noticed Sigmund
  2437 | D:3      | Killed Sigmund
  2437 | D:3      | Reached skill level 5 in Spellcasting
  2437 | D:3      | Reached XP level 6. HP: 35/45 MP: 0/13
  2784 | D:3      | Found an iron altar of Okawaru.
  2794 | D:3      | Learned a level 2 spell: Searing Ray
  3066 | D:4      | Noticed a water moccasin
  3076 | D:4      | Killed a water moccasin
  3076 | D:4      | Reached skill level 6 in Conjurations
  3076 | D:4      | Your scales start taking on a dull iron-grey colour.
  3076 | D:4      | Reached XP level 7. HP: 42/50 MP: 0/15
  3076 | D:4      | Gained mutation: You can survive without breathing. [Grey
                  | Draconian growth]
  3237 | D:4      | Found a shadowy altar of Dithmenos.
  3280 | D:4      | Noticed Natasha
  3287 | D:4      | Killed Natasha
  3345 | D:4      | Found a glowing silver altar of Zin.
  3410 | D:4      | Found a blossoming altar of Fedhas.
  3457 | D:4      | Found a hazy altar of Hepliaklqana.
  3513 | D:4      | Noticed Natasha
  3522 | D:4      | Killed Natasha
  3600 | D:4      | Found a white marble altar of Elyvilon.
  3681 | D:4      | Noticed Natasha
  3687 | D:4      | Killed Natasha
  3978 | D:5      | Entered Level 5 of the Dungeon
  4090 | D:5      | Found the ring of Shadows {Umbra +Inv Stlth+}
  4363 | D:5      | Reached skill level 7 in Conjurations
  4596 | D:5      | Reached skill level 1 in Fighting
  4636 | D:5      | Reached XP level 8. HP: 52/59 MP: 12/17
  4695 | D:5      | Found a shattered altar of Ashenzari.
  4879 | D:5      | Noticed Ijyb
  4897 | D:5      | Killed Ijyb
  5151 | D:5      | Reached skill level 8 in Conjurations
  5160 | D:5      | Found a snail-covered altar of Cheibriados.
  5656 | D:6      | Learned a level 4 spell: Iskenderun's Mystic Blast
  5715 | D:6      | Hit by a boomerang thrown by an orc warrior

Levels and vault maps discovered:
D:1:      psy_arrival_dodecagon, layout_loops_ring
D:2:      layout_basic, first_ration, chequers_serial_rivers_large_a
D:3:      layout_loops_ring, okawaru_metal_pillars_1_2, minmay_quantized,
          uniq_sigmund
D:4:      layout_cave_pools, lemuel_round_altar, lemuel_coloured_pillars_altar,
          zin_academy, lemuel_crystal_altar, elyvilon_altar_5, uniq_natasha
D:5:      layout_basic, evilmike_ruin_ashenzari, chequers_serial_rivers_room_a,
          chei_slow_surprise, uniq_ijyb
D:6:      layout_cave_pools, led_sif_book

Skill      XL: |  1  2  3  4  5  6  7  8 |
---------------+-------------------------+-----
Dodging        | 2 |  2.0
Spellcasting   | 3 4 5 6 |  6.1
Conjurations   | 5 6 7 8 |  8.9
Fighting       | 1 |  1.7
Stealth        | |  1.9

Action                   |  1- 3 |  4- 6 |  7- 9 || total
-------------------------+-------+-------+-------++-------
Melee: Unarmed           |    32 |       |       ||    32
       Dagger            |     9 |    16 |    44 ||    69
       Tailslap          |     3 |     2 |     8 ||    13
 Cast: Magic Dart        |    59 |    86 |   110 ||   255
       Searing Ray       |       |     1 |    13 ||    14
       Iskenderun's Myst |       |       |     3 ||     3
  Use: Scroll            |     4 |       |     8 ||    12
       Potion            |     3 |       |     1 ||     4
 Stab: Sleeping          |       |       |     4 ||     4
  Eat: Chunk             |     3 |       |     2 ||     5
       Ration            |       |     1 |     2 ||     3
Armor: Skin              |    21 |    14 |    46 ||    81
Dodge: Dodged            |    35 |    30 |    88 ||   153
